Map: Mech Depot LE

Players

Drunkenboi

  • Race: Terran Terran
  • Spawn Location: 1:00

puCK (Nina) - Winner!

  • Race: Protoss Protoss
  • Spawn Location: 7:00

Event: WCS Montreal 2017

VOD

Have the link to the VOD?

Description

Time

  • Played on: Sept. 8, 2017, 2:51 p.m.
  • Length: 23:16

All games in this series

Show
View Real Time Build Order
Export as new Build Order

Drunkenboi Terran 

Build Orders: Reaper Expand, Bio Tank 

Get SALT Encoding   

  12  0:00  SCV  
  13  0:12  SCV  
  14  0:17  Supply Depot  
  14  0:24  SCV  
  15  0:38  SCV  
  15  0:40  Barracks  
  16  0:44  Refinery  
  16  0:50  SCV  
  17  1:02  SCV  
  18  1:14  SCV  
  19  1:27  Orbital Command, Reaper  
  20  1:44  Command Center  
  20  1:52  SCV  
  21  1:56  Supply Depot  
  21  2:00  Barracks Reactor  
  21  2:04  SCV  
  21  2:08  Refinery  
  22  2:16  SCV  
  22  2:22  Factory  
  23  2:28  SCV  
  24  2:36  Marine x2  
  26  2:40  SCV  
  27  2:54  Marine x2, SCV  
  27  2:56  Orbital Command  
  30  2:58  Engineering Bay  
  30  3:07  Starport  
  30  3:08  Widow Mine  
  30  3:12  SCV  
  33  3:14  Marine  
  33  3:16  Marine  
  35  3:23  SCV  
  35  3:27  SCV, Terran Infantry Weapons Level 1  
  35  3:33  Supply Depot  
  36  3:35  SCV  
  36  3:37  Widow Mine  
  36  3:39  Marine  
  40  3:41  Marine  
  40  3:44  SCV  
  40  3:46  Starport Tech Lab  
  42  3:48  SCV  
  43  3:58  Missile Turret  
  43  4:03  SCV x2  
  43  4:04  Missile Turret  
  43  4:06  Raven  
  48  4:16  SCV x2, Factory Reactor  
  49  4:19  Barracks Tech Lab  
  49  4:20  Barracks  
  49  4:26  Barracks  
  49  4:28  SCV  
  49  4:29  SCV  
  51  4:39  Supply Depot  
  51  4:40  Supply Depot  
  51  4:41  Stimpack  
  51  4:44  SCV x2  
  53  4:49  Marine  
  54  4:57  Starport Reactor  
  54  5:02  Barracks  
  54  5:03  Barracks  
  54  5:04  Siege Tank  
  54  5:06  SCV x2  
  59  5:09  Refinery  
  59  5:11  Refinery  
  59  5:12  Marine  
  59  5:14  Marine  
  61  5:22  Supply Depot, SCV  
  61  5:24  SCV  
  61  5:25  Supply Depot  
  61  5:28  Marine x2  
  65  5:37  Terran Infantry Armor Level 1, SCV x2  
  65  5:38  Marine x2  
  65  5:41  Siege Tank  
  70  5:46  Marauder  
  72  5:51  Barracks Reactor  
  72  5:53  Barracks Tech Lab  
  72  5:56  Marine x2  
  72  5:57  Marine x2  
  74  5:58  Medivac  
  74  6:03  Supply Depot  
  78  6:04  Supply Depot  
  78  6:07  Marine  
  79  6:14  Siege Tank, Marine x2  
  79  6:15  Marine, Marauder  
  79  6:16  Marine  
  77  6:26  Medivac, Marauder  
  77  6:27  Marine x2  
  77  6:32  Medivac  
  81  6:37  Command Center  
  81  6:38  Marine  
  81  6:39  Marine  
  83  6:40  Marine  
  83  6:42  Combat Shields  
  83  6:43  Marine  
  85  6:50  Liberator  
  85  6:52  SCV x2  
  84  6:56  Liberator  
  84  6:57  Marine x2  
  84  7:01  Marine x2, Marauder  
  86  7:02  Marine  
  94  7:09  Marine  
  98  7:18  Concussive Shells  
  98  7:19  Marine x2  
  98  7:20  Marine  
  101  7:31  Marine  
  101  7:35  Supply Depot x2  
  102  7:42  Marine  
  102  7:48  Siege Tank, Marine x3, Marauder  
  102  7:49  Liberator, Supply Depot  
  102  7:50  Liberator  
  110  7:54  Marine, Marauder  
  110  7:55  Orbital Command  
  110  7:56  Marine  
  114  8:08  Marine  
  121  8:18  Marine  
  121  8:19  Marauder  
  124  8:20  Siege Tank  
  127  8:28  Marine x3  
  127  8:29  Marauder  
  127  8:31  Marine  
  133  8:46  Liberator  
  133  8:48  Marine x3, Marauder  
  137  8:51  Orbital Command  
  137  8:52  Siege Tank  
  141  8:58  Marine x2, Marauder  
  145  9:06  Marine  
  149  9:10  Supply Depot x2  
  149  9:19  Marine x2  
  135  9:28  Liberator  
  98  9:41  Siege Tank, Marine x2  
  98  9:42  Marine x2, Marauder x2  
  106  9:48  SCV x2  
  106  9:49  Marine x2, SCV  
  114  9:59  Marine  
  114  10:01  Marine  
  114  10:03  Marauder  
  114  10:13  Siege Tank  
  114  10:14  Marine x2, Marauder  
  115  10:18  Marine x2  
  115  10:19  Liberator, Marine x2  
  115  10:20  Liberator  
  94  10:30  Marauder  
  94  10:31  Marine  
  94  10:32  Marine  
  94  10:35  Marine  
  87  10:36  Marine  
  87  10:37  Marine x2  
  87  10:38  Marine  
  98  10:44  Barracks  
  98  10:45  Siege Tank  
  98  10:47  Barracks  
  98  10:49  Marine x2  
  102  10:51  Marauder  
  102  10:53  SCV x2  
  102  10:54  SCV  
  108  10:57  Marine x2  
  108  10:58  Marine x2, Marauder  
  114  11:05  SCV  
  114  11:06  SCV x2  
  114  11:08  Marine  
  114  11:09  Ghost Academy, Marine  
  119  11:12  Marine  
  119  11:17  Siege Tank  
  122  11:20  Marine x3, Marauder  
  122  11:23  SCV  
  122  11:24  SCV  
  122  11:25  Liberator x2, SCV  
  130  11:38  Marine x2  
  130  11:39  Marauder  
  134  11:42  Sensor Tower  
  139  11:49  Marine x4, Marauder  
  139  11:50  Barracks Tech Lab x2  
  145  11:56  Marine  
  145  11:57  Refinery  
  145  11:58  Refinery  
  145  11:59  Ghost  
  145  12:00  Siege Tank  
  151  12:14  Marine  
  151  12:15  Marauder  
  154  12:25  Medivac  
  154  12:26  SCV x2  
  154  12:27  SCV  
  153  12:32  Siege Tank  
  153  12:33  Marine x2, Marauder  
  153  12:34  Marauder  
  162  12:38  SCV  
  162  12:39  SCV  
  163  12:46  Marauder  
  163  12:50  Supply Depot  
  165  12:51  Supply Depot  
  165  13:04  Supply Depot  
  165  13:11  Marine x2  
  165  13:12  Siege Tank, Marine x5, Marauder x2  
  170  13:20  Marauder  
  159  13:29  Marine  
  159  13:30  Marine x5  
  161  13:39  Marauder  
  161  13:46  Missile Turret  
  144  14:00  Marine x2, Marauder  
  137  14:17  Medivac  
  138  14:22  Orbital Command  
  138  14:24  Medivac  
  120  14:39  Marauder  
  122  14:50  Medivac  
  119  15:50  Marauder x3  
  119  15:51  Marauder  
  123  16:46  Orbital Command  
  118  17:07  Marine x2  
  124  17:12  Missile Turret  
  120  17:24  Missile Turret  
  120  17:31  Sensor Tower, Marine  
  109  17:55  Orbital Command  
  108  18:15  Liberator x2  
  108  18:33  Siege Tank, Marine  
  120  18:49  Marine  
  120  18:52  Ghost  
  121  18:56  SCV x2  
  123  19:03  Orbital Command  
  115  19:19  Liberator  
  115  19:20  Liberator  
  115  19:31  SCV x2  
  123  19:43  SCV x2  
  112  20:09  Marine x2  
  112  20:10  Marine x2, Marauder x3  
  112  20:11  Marine, Marauder  
  101  20:26  Marine  
  90  20:30  Siege Tank  
  90  20:31  Marauder  
  90  20:33  Marine x2, Marauder  
  90  20:35  SCV  
  100  20:39  SCV  
  101  20:42  Marine  
  101  20:43  Marine  
  103  20:54  Marine  
  104  20:59  Marine  
  104  21:00  Marine x2  
Show
View Real Time Build Order
Export as new Build Order

puCK Protoss - Winner!

Build Orders: 1 Gate Expand, Colossus Rush 

Get SALT Encoding   

  12  0:01  Probe (Chrono Boost)  
  13  0:11  Probe (Chrono Boost)  
  14  0:20  Pylon  
  14  0:22  Probe (Chrono Boost)  
  15  0:38  Probe (Chrono Boost), Gateway  
  16  0:43  Assimilator  
  16  0:49  Probe (Chrono Boost)  
  17  0:59  Probe (Chrono Boost)  
  18  1:10  Probe (Chrono Boost)  
  19  1:22  Nexus  
  20  1:25  Probe (Chrono Boost)  
  20  1:36  Cybernetics Core  
  20  1:43  Probe (Chrono Boost)  
  20  1:45  Assimilator  
  21  1:53  Probe (Chrono Boost)  
  22  1:56  Pylon  
  22  2:04  Probe (Chrono Boost)  
  23  2:13  Warp Gate  
  23  2:14  Probe, Adept (Chrono Boost)  
  26  2:27  Robotics Facility  
  26  2:29  Probe  
  27  2:34  Probe  
  28  2:38  Adept (Chrono Boost)  
  28  2:42  Probe (Chrono Boost)  
  31  2:45  Probe (Chrono Boost)  
  31  2:54  Probe (Chrono Boost)  
  31  2:56  Probe (Chrono Boost)  
  33  3:00  Assimilator  
  33  3:05  Probe (Chrono Boost)  
  34  3:06  Probe (Chrono Boost), Adept  
  37  3:14  Observer (Chrono Boost)  
  37  3:15  Probe  
  37  3:16  Probe  
  40  3:23  Robotics Bay  
  40  3:26  Probe  
  40  3:28  Probe  
  40  3:32  Pylon  
  42  3:38  Probe  
  42  3:39  Observer (Chrono Boost)  
  44  3:42  Pylon  
  44  3:43  Mothership Core  
  46  3:48  Probe  
  47  3:55  Warp Prism (Chrono Boost)  
  47  3:59  Probe  
  47  4:01  Assimilator  
  50  4:04  Probe  
  51  4:10  Probe  
  51  4:12  Gateway  
  51  4:15  Gravitic Drive (Chrono Boost)  
  51  4:16  Probe  
  53  4:22  Probe, Gateway  
  53  4:23  Disruptor  
  57  4:40  Twilight Council  
  57  4:43  Forge  
  57  4:47  Probe  
  57  4:48  Probe, Stalker, Pylon  
  61  4:59  Probe (Chrono Boost)  
  62  5:05  Colossus (Chrono Boost), Pylon  
  62  5:06  Probe (Chrono Boost)  
  69  5:08  Extended Thermal Lance (Chrono Boost)  
  69  5:21  Protoss Ground Weapons Level 1  
  69  5:26  Pylon  
  69  5:29  Stalker x2  
  69  5:35  Probe x2 (Chrono Boost)  
  75  5:43  Blink  
  75  5:46  Probe (Chrono Boost)  
  76  5:53  Probe, Pylon  
  76  5:58  Probe, Pylon  
  76  6:03  Colossus (Chrono Boost)  
  83  6:07  Probe  
  84  6:20  Gateway  
  84  6:22  Stalker  
  84  6:23  Gateway  
  84  6:25  Gateway  
  86  6:35  Probe  
  86  6:37  Stalker, Pylon  
  86  6:38  Stalker  
  91  6:46  Nexus  
  91  6:54  Colossus (Chrono Boost)  
  96  7:10  Zealot  
  96  7:12  Probe  
  99  7:15  Stalker  
  99  7:16  Stalker x2  
  99  7:19  Protoss Ground Armor Level 1  
  103  7:23  Pylon  
  103  7:25  Pylon  
  103  7:32  Stalker x2  
  103  7:33  Stalker  
  103  7:35  Pylon  
  109  7:37  Pylon  
  109  7:40  Charge (Chrono Boost)  
  109  7:47  Adept x3  
  115  7:56  Stalker x3  
  119  8:06  Immortal (Chrono Boost)  
  119  8:09  Zealot x2  
  127  8:13  Zealot  
  129  8:22  Pylon  
  129  8:28  Zealot x3  
  129  8:33  Zealot x2  
  139  8:37  Pylon  
  139  8:39  Pylon  
  139  8:44  Zealot  
  139  8:47  Immortal (Chrono Boost)  
  144  8:57  Zealot x4  
  152  9:04  Zealot  
  152  9:09  Zealot  
  138  9:26  Zealot x4  
  138  9:27  Zealot  
  112  9:37  Stalker  
  91  9:47  Stalker x3  
  91  9:48  Stalker x2  
  91  9:49  Colossus (Chrono Boost)  
  107  9:55  Protoss Ground Armor Level 2 (Chrono Boost)  
  107  10:01  Zealot  
  109  10:11  Stalker x3  
  113  10:14  Stalker x2  
  93  10:35  Probe, Warp Prism (Chrono Boost)  
  94  10:36  Assimilator  
  94  10:37  Assimilator  
  94  10:38  Sentry  
  94  10:39  Sentry x2  
  94  10:40  Probe  
  101  10:46  Zealot  
  101  10:47  Probe  
  101  10:49  Stalker x2  
  108  10:52  Probe  
  108  10:54  Photon Cannon  
  109  10:59  Probe, Dark Shrine  
  110  11:05  Stalker x2  
  110  11:07  Stalker  
  116  11:13  Probe x2  
  118  11:21  Observer  
  118  11:24  Zealot x3  
  125  11:29  Zealot x2  
  125  11:30  Zealot  
  131  11:45  Stalker x3  
  137  11:49  Stalker x2  
  137  11:52  Stalker  
  143  11:59  Probe x2  
  145  12:12  Immortal  
  145  12:13  Robotics Facility  
  149  12:16  Protoss Ground Weapons Level 2 (Chrono Boost)  
  149  12:17  Forge  
  149  12:18  Resonating Glaives  
  146  12:32  Dark Templar x2  
  146  12:33  Dark Templar  
  152  12:39  Zealot  
  152  12:40  Zealot  
  152  12:43  Pylon  
  156  12:48  Pylon  
  156  13:02  Immortal  
  156  13:03  Pylon  
  156  13:04  Dark Templar  
  159  13:16  Zealot x2  
  163  13:21  Zealot x2  
  163  13:22  Zealot  
  158  13:47  Pylon  
  158  13:49  Pylon  
  158  13:54  Pylon  
  151  13:57  Pylon  
  147  14:06  Pylon  
  147  14:07  Dark Templar, Pylon  
  147  14:09  Dark Templar x2  
  141  14:48  Nexus  
  141  15:20  Nexus  
  137  15:35  Pylon  
  137  15:51  Templar Archives  
  137  16:28  Nexus  
  137  16:55  High Templar x3  
  137  16:56  High Templar x3  
  137  17:01  Archon x3  
  144  17:46  High Templar x2  
  146  17:51  Archon  
  146  17:57  Pylon  
  146  18:00  Warp Prism  
  146  18:05  Dark Templar  
  150  18:10  Archon  
  150  18:27  Nexus  
  150  18:36  Observer  
  151  18:44  Pylon  
  151  19:00  Zealot  
  151  19:01  Zealot x5  
  159  19:48  High Templar  
  159  19:49  High Templar  
  163  19:54  Nexus  
  163  19:56  Archon  
  163  19:57  High Templar  
  132  20:24  Zealot x5  
  132  20:26  Pylon  
  132  20:27  Pylon  
  138  20:32  Zealot  
  140  20:47  Zealot x5  
  150  20:54  Dark Templar  
  147  21:13  Dark Templar x2, Zealot x2  
  147  21:14  Zealot  
  157  21:33  Zealot  
  157  21:34  Dark Templar x2, Zealot  
  140  21:51  Assimilator  
  140  21:52  Assimilator  
  140  21:55  Nexus  
  140  22:07  Zealot x3  
  144  22:21  Pylon  
Tags
 
Add a new tag
Caveats
  • Supply blocks, unpowered buildings, or Contaminate may cause inaccurate times.
  • Supply counts are checked every 10 seconds.